 Dungeon Crawl Stone Soup version 0.30.1-3-gfc49f6343a (webtiles) character file.

Game seed: 1612555289075389601

6307 Fodor the Protected (level 10, -6/88 HPs)
             Began as a Minotaur Fighter on July 18, 2023.
             Was an Initiate of Gozag.
             Shot with an arrow by a centaur warrior (20 damage)
             ... on level 9 of the Dungeon.
             The game lasted 00:49:12 (8099 turns).

Fodor the Protected (Minotaur Fighter)              Turns: 8099, Time: 00:49:13

Health: -6/88      AC: 18    Str: 24    XL:     10   Next: 63%
Magic:  9/9        EV:  8    Int:  5    God:    Gozag
Gold:   1025       SH:  5    Dex:  9    Spells: 9/9 levels left

rFire   + . .        U - +7 great sword (freeze)
rCold   + . .        (shield currently unavailable)
rNeg    + . .        y - +0 plate armour of Raomup {Harm rElec rCorr}
rPois   .            (helmet unavailable)
rElec   +            h - scarf {rC+ rF+}
rCorr   +            P - +0 pair of gloves
SInv    .            b - +0 pair of boots
Will    .....        o - amulet of reflection Stlth
                     B - +4 ring of slaying
HPRegen 0.34/turn    m - ring of positive energy
MPRegen 0.11/turn

%: harm (+30% outgoing, +20% incoming), reflection
@: no status effects
A: horns 3, retaliatory headbutt, dopey 1
a: Renounce Religion, Potion Petition, Call Merchant, Bribe Branch


You were on level 9 of the Dungeon.
You worshipped Gozag.
Gozag was most pleased with you.
You visited 2 branches of the dungeon, and saw 10 of its levels.

You collected 1133 gold pieces.
You paid 108 gold pieces to Gozag.

Inventory:

Hand Weapons
 r - a +4 flail
 C - a +0 shortbow
 D - a +0 heavy long sword
 U - a +7 great sword of freezing (weapon)
Missiles
 k - 2 throwing nets (quivered)
 q - 27 poisoned darts
 t - 6 boomerangs of dispersal
 V - a curare-tipped dart
Armour
 b - a +0 pair of boots (worn)
 c - a +0 buckler
 h - a scarf of resistance (worn)
 y - the +0 plate armour of Raomup (worn) {Harm rElec rCorr}
   (You found it on level 5 of the Dungeon)

   rElec:     It insulates you from electricity.
   rCorr:     It protects you from acid and corrosion.
   Harm:      It increases damage dealt and taken.
 E - a +0 plate armour
 P - a +0 pair of gloves (worn)
Jewellery
 m - a ring of positive energy (right hand)
 n - a ring of resist corrosion
 o - an amulet of reflection (around neck)
 B - a +4 ring of slaying (left hand)
 L - a ring of magical power
 N - a ring of flight
Wands
 s - a wand of quicksilver (2)
 v - a wand of charming (7)
 J - a wand of roots (14)
Scrolls
 d - 2 scrolls of teleportation
 f - a scroll of silence {unknown}
 g - 2 scrolls of magic mapping {unknown}
 i - a scroll of enchant armour {unknown}
 j - 6 scrolls of fog
 u - a scroll of fear {unknown}
 F - 2 scrolls of immolation
 G - a scroll of vulnerability {unknown}
 I - a scroll of butterflies {unknown}
 K - a scroll of poison
 S - 3 scrolls of torment
Potions
 a - a potion of invisibility
 l - a potion of flight {unknown}
 p - a potion of resistance
 w - 2 potions of curing {unknown}
 x - 4 potions of attraction {unknown}
 H - a potion of might
 M - a potion of heal wounds
 O - 3 potions of lignification {unknown}
 Q - 2 potions of haste
 R - a potion of ambrosia {unknown}


   Skills:
 + Level 7.8 Fighting
 + Level 6.3 Long Blades
 + Level 2.6(7.0) Axes
 + Level 10.3(10.4) Maces & Flails
 + Level 1.1 Ranged Weapons
 + Level 11.6 Armour
 + Level 2.5 Dodging
 + Level 1.3 Stealth
 + Level 7.2 Shields


You had 9 spell levels left.
You didn't know any spells.
Your spell library contained the following spells:

 Spells                   Type           Power      Damage    Failure   Level
 Sting                    Tmut/Pois      0%         1d3       99%         1
 Summon Small Mammal      Summ           0%         N/A       99%         1
 Poisonous Vapours        Pois/Air       0%         N/A       100%        2
 Static Discharge         Conj/Air       0%         2-2/arc   100%        2
 Airstrike                Air            0%         2d(0-16)  100%        4
 Olgreb's Toxic Radiance  Pois           0%         N/A       100%        4
 Summon Lightning Spire   Summ/Air       0%         N/A       100%        4
 Haunt                    Necr/Summ      0%         N/A       100%        7
 Infestation              Necr           0%         N/A       100%        8
 Animate Dead             Necr           Unusable   N/A       N/A         4

Dungeon Overview and Level Annotations

Branches:
Dungeon (9/15)             Temple (1/1) D:6            Lair (0/5) D:9
    Orc (0/2) D:9

Altars:
Ashenzari
Cheibriados
Dithmenos
Elyvilon
Fedhas
Gozag
Hepliaklqana
Kikubaaqudgha
Makhleb
Nemelex Xobeh
Okawaru
Qazlal
Ru
Sif Muna
Trog
Uskayaw
Vehumet
Wu Jian
Xom
Yredelemnul
Zin
The Shining One


Innate Abilities, Weirdness & Mutations

You have a pair of large horns on your head.
You reflexively headbutt those who attack you in melee.
You are dopey. (Int -2)


Message History

You see here a +0 club.
Blink to where?
Press: ? - help, Dir - move target
As you read the scroll of blinking, it crumbles to dust.
As you read the scroll of teleportation, it crumbles to dust.
You feel strangely unstable.
There is an open door here.
Your surroundings suddenly seem different.
A gnoll comes into view. It is wielding a +0 club.
The gnoll shouts!
You hear a shout! x2
A gnoll comes into view. It is wielding a +0 club.
The gnoll hits you with a +0 club.
* * * LOW HITPOINT WARNING * * *
The gnoll hits you but does no damage.
There are monsters nearby!
You slash the gnoll! You freeze the gnoll!
You kill the gnoll!
Things that are here:
6 gold pieces; a +0 club You slash the gnoll!
You freeze the gnoll.
You kill the gnoll!
You now have 1025 gold pieces (gained 7).
You see here a +0 club.
You start resting.
A centaur warrior comes into view.
The centaur warrior shouts!
The centaur warrior wields a +0 shortbow.
The centaur warrior shoots an arrow.
The arrow closely misses you.
The centaur warrior shoots an arrow.
The arrow barely misses you.
The centaur warrior shoots an arrow.
The arrow hits you.
The centaur warrior shoots an arrow.
The arrow hits you!
The centaur warrior shoots an arrow.
The arrow hits you!!
* * * LOW HITPOINT WARNING * * *
The centaur warrior shoots an arrow.
The arrow completely misses you.
The centaur warrior shoots an arrow.
You block the arrow with an invisible shield... and reflect it back!
The arrow hits the centaur warrior!!
The centaur warrior shoots an arrow.
The arrow hits you!
You die...
Your body crumbles into a pile of gold.

#.. #.# #.# #.# #. #.# #. # ###.#
##.###.###...### ......).@....c.#
#.#..##.###.###.# +# # #.##.##.#
#.# #.# ####... ## ##.......#
#.###.###.c..... .## ##.###.##.#
#.##..##..#...(.
..####...##)##.###.#...#...##...#
..'.....g..)g..))).).$.c...###.##
..####...#########.#..).###.##.##
.## ##..# #.##.#..###.#.#.


You could see a centaur warrior.

Vanquished Creatures
  A centaur warrior (D:9)
  A two-headed ogre (D:8)
  An elephant (D:9)
  A gargoyle (D:9)
  A troll (shapeshifter) (D:9)
  A hornet (D:9)
  A shadow (D:9)
  A steam dragon (D:8)
  5 yaks
  2 basilisks (D:9)
  An acid dragon (D:9)
  A water moccasin (D:8)
  Duvessa (D:6)
  An orc warrior (D:5)
  A sky beast (D:6)
  A black bear (D:6)
  5 centaurs (D:8)
  2 phantoms (D:4)
  2 bullfrogs
  3 kobold brigands
  A gnoll sergeant (D:8)
  A scorpion (D:5)
  A wight (D:8)
  Dowan (D:6)
  2 howler monkeys
  4 electric eels (D:7)
  4 hounds
  3 jellies
  A gnoll bouda (D:6)
  5 iguanas
  5 orc wizards
  5 sleepcaps
  7 adders
  6 gnolls
  4 white imps
  An ufetubus (D:6)
  A worm (D:3)
  3 dart slugs
  30 orcs
  7 ball pythons
  6 endoplasms
  2 giant cockroaches (D:4)
  8 goblins
  12 hobgoblins
  7 jackals
  22 kobolds
  8 quokkas
  6 bats
  3 frilled lizards (D:1)
  5 rats
204 creatures vanquished.

Notes
Turn   | Place    | Note
-------+----------+-------------------------------------------
     0 | D:1      | Fodor the Minotaur Fighter began the quest for the Orb.
     0 | D:1      | Reached XP level 1. HP: 19/19 MP: 0/0
   258 | D:1      | Reached XP level 2. HP: 27/27 MP: 1/1
  1047 | D:2      | Reached XP level 3. HP: 33/33 MP: 2/2
  1062 | D:2      | Reached skill level 4 in Armour
  1966 | D:3      | Reached XP level 4. HP: 40/40 MP: 3/3
  2209 | D:3      | Reached skill level 1 in Axes
  2232 | D:3      | Reached XP level 5. HP: 40/47 MP: 4/4
  2850 | D:4      | Noticed a phantom
  2857 | D:4      | Killed a phantom
  2858 | D:4      | Reached skill level 1 in Maces & Flails
  2896 | D:4      | Reached skill level 1 in Dodging
  2913 | D:4      | Reached XP level 6. HP: 51/53 MP: 5/5
  2997 | D:4      | Gained mutation: You are dopey. (Int -2) [potion of
                  | mutation]
  2997 | D:4      | Gained mutation: You have a pair of large horns on your
                  | head. [potion of mutation]
  3002 | D:4      | Reached skill level 5 in Armour
  3759 | D:5      | Entered Level 5 of the Dungeon
  3761 | D:5      | Identified the +0 plate armour of Raomup {Harm rElec rCorr}
  3828 | D:5      | Reached XP level 7. HP: 33/60 MP: 6/6
  4208 | D:5      | Reached skill level 5 in Fighting
  4214 | D:5      | Reached skill level 6 in Armour
  4214 | D:5      | Reached skill level 5 in Shields
  4729 | D:6      | Reached skill level 5 in Maces & Flails
  4798 | D:6      | Found a staircase to the Ecumenical Temple.
  4807 | Temple   | Entered the Ecumenical Temple
  4863 | Temple   | Became a worshipper of Gozag Ym Sagoz the Greedy
  4981 | D:6      | Found an iron altar of Okawaru.
  5001 | D:6      | Reached XP level 8. HP: 55/68 MP: 7/7
  5003 | D:6      | Reached skill level 7 in Armour
  5096 | D:6      | Noticed Dowan
  5098 | D:6      | Noticed Duvessa
  5118 | D:6      | Killed Dowan
  5120 | D:6      | Killed Duvessa
  5601 | D:6      | Found a hide-covered altar of Uskayaw.
  5931 | D:7      | Reached skill level 8 in Armour
  6070 | D:7      | Reached skill level 1 in Ranged Weapons
  6605 | D:8      | Reached skill level 1 in Stealth
  6619 | D:8      | Reached XP level 9. HP: 72/77 MP: 8/8
  6622 | D:8      | Reached skill level 9 in Armour
  6770 | D:8      | Noticed a two-headed ogre
  6785 | D:8      | Killed a two-headed ogre
  6786 | D:8      | Reached skill level 10 in Armour
  7193 | D:8      | Found a glowing silver altar of Zin.
  7195 | D:8      | Found a sparkling altar of Nemelex Xobeh.
  7396 | D:9      | Found a staircase to the Orcish Mines.
  7461 | D:9      | Reached skill level 10 in Maces & Flails
  7461 | D:9      | Reached XP level 10. HP: 86/86 MP: 9/9
  7504 | D:9      | Noticed an elephant
  7505 | D:9      | Found a staircase to the Lair.
  7546 | D:9      | Killed an elephant
  7548 | D:9      | Reached skill level 11 in Armour
  7589 | D:9      | Found a shimmering blue altar of Sif Muna.
  7590 | D:9      | Found an ancient bone altar of Kikubaaqudgha.
  7592 | D:9      | Found a radiant altar of Vehumet.
  7602 | D:9      | Got Sif Muna's Precepts of the Congregation
  7759 | D:9      | Found a bloodstained altar of Trog.
  7824 | D:9      | Noticed a centaur warrior
  7834 | D:9      | Killed a centaur warrior
  7835 | D:9      | Reached skill level 5 in Long Blades
  7863 | D:9      | Noticed a gargoyle
  7871 | D:9      | Killed a gargoyle
  8086 | D:9      | Noticed a centaur warrior
  8099 | D:9      | Shot with an arrow by a centaur warrior

Illustrated notes

Levels and vault maps discovered:
D:1:      tarquinn_simple_flora_water_e, layout_loops_corners
D:2:      layout_basic
D:3:      layout_basic
D:4:      layout_loops_cross, amcnicky_mini_corridor_feature
D:5:      layout_loops_ring, minmay_starry_boxes
D:6:      layout_loops_cross, kennysheep_okawaru_gauntlet,
          eat_drink_and_be_merry_uskayaw, minmay_temple_entry_antechambers,
          minmay_misc_feat_nine_boxes, minmay_misc_feat_plants, minmay_holes,
          uniq_duvessa
D:7:      layout_rooms, serial_bayou_lagoon_b
D:8:      layout_rooms, minitemple, minmay_bent
D:9:      layout_loops_corners, grunt_temple_overflow_magic_moments,
          bloody_trog, david_lair_generic, orc_0_dummy, columned_hall_lemuel,
          kb_rosetta, uniq_harold
Temple:   zaba_magenta_temple

Skill      XL: |  1  2  3  4  5  6  7  8  9 10 |
---------------+-------------------------------+-----
Shields        | 4 5 6 7 |  7.2
Fighting       | 4 5 6 7 |  7.8
Long Blades    | 3 6 |  6.3
Armour         | 4 5 6 8 10 11 | 11.6
Axes           | 1 2 |  2.6
Maces & Flails | 1 3 5 7 10 | 10.3
Dodging        | 1 2 |  2.5
Ranged Weapons | 1 |  1.1
Stealth        | 1 |  1.3

Action                     |  1- 3 |  4- 6 |  7- 9 | 10-12 || total
---------------------------+-------+-------+-------+-------++-------
  Melee: Long sword        |    73 |       |       |       ||    73
         Headbutt          |     7 |    19 |    33 |     5 ||    64
         War axe           |    22 |    18 |       |       ||    40
         Flail             |       |   109 |   189 |       ||   298
         Great sword       |       |       |     1 |    55 ||    56
   Fire: Shortbow          |       |       |     6 |       ||     6
    Use: Potion            |       |     5 |       |     3 ||     8
         Scroll            |       |       |    10 |     2 ||    12
 Armour: Chain mail        |    73 |    81 |       |       ||   154
         Plate armour      |       |    22 |   137 |    69 ||   228
  Dodge: Dodged            |    39 |    61 |    70 |    26 ||   196
  Block: Buckler           |    27 |    30 |    67 |       ||   124
         Reflection        |       |       |     7 |     2 ||     9
         Other             |       |       |     3 |    24 ||    27
